AoeStats
← Ken

Arabia

506408813Analyzed
1v1 RM · 18d ago on Sep 13, 2026· 58m 52s· 2 players
Game mode
Random Map
Map size
Tiny (2 player)
Population
200
Speed
Normal
Resources
Standard
Victory
Conquest
Starting age
Dark Age
Ending age
Imperial Age
RankedLock teamsTeams togetherTeam positionsShared explorationLock speedFull tech treeHidden civsTurbo modeCheats
Victory
Defeat
🇨🇳 Franks · China
946
+15
🇧🇷 Britons · Brazil
935
-15
Rocco
12:14 Feudal Age
12:53 Double-Bit Axe
16:06 Fletching
26:42 Castle Age
25:32 Gold Mining
25:23 Horse Collar
28:29 Crossbowman
29:07 Bodkin Arrow
29:12 Padded Archer Armor
32:43 Ballistics
46:08 Imperial Age
43:55 Husbandry
45:47 Bow Saw
45:29 Stone Mining
46:15 Gold Shaft Mining
47:05 Cavalier
47:28 Pikeman
48:08 Squires
51:25 Yeomen
51:20 Scale Mail Armor
51:30 Forging
51:37 Leather Archer Armor
52:44 Bracer
56:07 Elite Longbowman
Ken
7:00 Loom
11:13 Feudal Age
9:30 Loom
12:20 Double-Bit Axe
21:45 Castle Age
27:30 Gold Mining
27:31 Stone Mining
31:48 Wheelbarrow
35:03 Gold Shaft Mining
34:18 Stone Mining
40:22 Imperial Age
38:22 Husbandry
38:26 Fletching
40:25 Scale Barding Armor
40:31 Forging
40:49 Hand Cart
41:33 Cavalier
42:14 Stone Mining
44:00 Conscription
47:15 Chain Barding Armor
47:30 Iron Casting
51:04 Iron Casting
52:13 Plate Barding Armor
53:30 Blast Furnace
53:13 Paladin
55:48 Chivalry
Connection lost

Rejoining the realm…

Still unreachable

The connection could not be restored.

Session expired

The server has moved on; the page needs a fresh start.